 Dungeon Crawl Stone Soup version 0.28.0-53-g5a82cb258f (webtiles) character file.

Game seed: 9914662948076709579

19464 NoAnimeNoLife the Bludgeoner (level 12, -8/104 HPs)
             Began as a Troll Artificer on June 3, 2022.
             Was a High Priest of Okawaru.
             Mangled by a white ugly thing (33 damage)
             ... in an ice cave.
             The game lasted 00:23:05 (9997 turns).

NoAnimeNoLife the Bludgeoner (Troll Artificer)      Turns: 9997, Time: 00:23:05

Health: -8/104     AC: 20    Str: 33    XL:     12   Next: 36%
Magic:  15/15      EV: 10    Int:  7    God:    Okawaru [*****.]
Gold:   615        SH:  0    Dex: 14    Spells: 11/11 levels left

rFire   + . .      SeeInvis .   A - +2 dire flail (protect)
rCold   . . .      Faith    .   (shield currently unavailable)
rNeg    + . .      Spirit   .   z - +2 robe {rN+}
rPois   .          Reflect  .   (helmet restricted)
rElec   .          Harm     .   o - +2 cloak
rCorr   .          Rampage  .   (gloves unavailable)
Will    .....                   (boots unavailable)
Stlth   +.........              g - amulet of regeneration
HPRegen 1.87/turn               O - +6 ring of strength
MPRegen 0.14/turn               s - ring of Ascent {rF+ AC+4 Dex+4}

@: under a protective aura
A: large, unfitting armour, claws 3, regeneration 1, shaggy fur 1, tough skin 1
a: Renounce Religion, Heroism, Finesse, Duel


You were in an ice cave.
You worshipped Okawaru.
Okawaru was extremely pleased with you.
You visited 2 branches of the dungeon, and saw 12 of its levels.
You also visited: Ice Cave.

You collected 615 gold pieces.

Inventory:

Hand Weapons
 a - a +0 club
 y - a +2 whip of flaming
 A - a +2 dire flail of protection (weapon)
 C - a +1 giant spiked club
Armour
 b - a +0 robe
 o - a +2 cloak (worn)
 z - a +2 robe of positive energy (worn)
 J - a +0 troll leather armour
 L - the +1 robe "Goryqeima" {*Slow Regen+ Int+6}
   (Okawaru gifted it to you on level 9 of the Dungeon)

   Int:       It affects your intelligence (+6).
   Regen:     It increases your rate of health regeneration.
   *Slow:     It may slow you when you take damage.
Jewellery
 g - an amulet of regeneration (around neck)
 i - a +6 ring of intelligence
 r - the amulet "Loewy" {Acrobat Int+7 SInv}
   (You found it on level 9 of the Dungeon)

   [amulet of the acrobat]

   It increases your evasion while moving and waiting.
   Int:       It affects your intelligence (+7).
   SInv:      It lets you see invisible.
 s - the ring of Ascent (right claw) {rF+ AC+4 Dex+4}
   (You found it on level 4 of the Dungeon)

   [ring of protection]

   AC:        It affects your AC (+4).
   Dex:       It affects your dexterity (+4).
   rF:        It protects you from fire.
 t - a +6 ring of intelligence
 x - a ring of flight
 M - a ring of poison resistance
 N - a ring of wizardry
 O - a +6 ring of strength (left claw)
Wands
 c - a wand of flame (63) (quivered)
 d - a wand of charming (11)
 p - a wand of iceblast (14)
 q - a wand of acid (6)
 H - a wand of digging (6)
Scrolls
 f - a scroll of amnesia {unknown}
 h - 2 scrolls of vulnerability
 l - 2 scrolls of summoning
 v - 4 scrolls of teleportation
 D - a scroll of magic mapping
 E - a scroll of enchant armour
 F - a scroll of torment
 G - a scroll of holy word
 P - 3 scrolls of identify
Potions
 j - 7 potions of curing
 k - a potion of berserk rage
 m - a potion of might
 n - 2 potions of attraction
 w - 2 potions of flight
 B - 2 potions of brilliance
 I - a potion of cancellation
 K - a potion of haste
Miscellaneous
 e - a piece from Xom's chessboard (15/15)


   Skills:
 + Level 2.4 Fighting
 + Level 17.2 Maces & Flails
 - Level 1.9 Dodging
 - Level 0.3 Stealth
 + Level 6.5 Invocations
 - Level 2.1 Evocations


You had 11 spell levels left.
You didn't know any spells.
Your spell library contained the following spells:

 Spells                   Type           Power      Damage    Failure   Level
 Beastly Appendage        Tmut           0%         N/A       43%         1
 Pain                     Necr           0%         1d4       43%         1
 Sandblast                Erth           0%         2d4       43%         1
 Passwall                 Tmut/Erth      0%         N/A       56%         2
 Wereblood                Tmut           0%         N/A       56%         2
 Spider Form              Tmut/Pois      0%         N/A       80%         3
 Stone Arrow              Conj/Erth      0%         3d7       80%         3
 Vampiric Draining        Necr           0%         2d6       80%         3
 Agony                    Necr           0%         N/A       100%        5
 Borgnjor's Vile Clutch   Necr/Erth      0%         N/A       100%        5
 Excruciating Wounds      Necr           0%         N/A       100%        5
 Animate Skeleton         Necr           Unusable   N/A       N/A         1
 Animate Dead             Necr           Unusable   N/A       N/A         4
 Death Channel            Necr           Unusable   N/A       N/A         6

Dungeon Overview and Level Annotations

Branches:
Dungeon (11/15)            Temple (1/1) D:6            Lair (0/6) D:8
    Orc (0/2) D:9           IceCv (1/1)

Altars:
Ashenzari
Cheibriados
Dithmenos
Elyvilon
Fedhas
Gozag
Hepliaklqana
Kikubaaqudgha
Makhleb
Nemelex Xobeh
Okawaru
Qazlal
Ru
Sif Muna
Trog
Uskayaw
Vehumet
Wu Jian
Xom
Yredelemnul
Zin
The Shining One

Annotations:
D:5 1 runed translucent door, H0rd4k's ghost, amateur HuAr


Innate Abilities, Weirdness & Mutations

You are too large for most types of armour.
You have claws for hands.
Your natural rate of healing is unusually fast.
You are covered in fur. (AC +1)
You have tough skin. (AC +1)


Message History

You start resting.
Magic restored.
You start resting.
You feel like a meek peon again.
You start resting.
You start to feel less resistant.
You start resting.
Your resistance to elements expires.
You start resting.
HP restored.
Found 27 stones.
Found six items.
f - a scroll labelled VUAPAU XULIM A wolf simulacrum comes into view.
A white ugly thing comes into view.
There is an ice choked empty arch of ancient stone here.
The white ugly thing punches you! The white ugly thing freezes you!!
You puncture the white ugly thing!
Your weapon exudes an aura of protection.
The white ugly thing is lightly wounded.
You closely miss the white ugly thing.
The white ugly thing is lightly wounded.
The white ugly thing barely misses you.
You closely miss the white ugly thing.
The white ugly thing is lightly wounded.
You hit the white ugly thing.
The white ugly thing is lightly wounded.
The white ugly thing punches you. The white ugly thing freezes you!!
You puncture the white ugly thing!
The white ugly thing is moderately wounded.
The white ugly thing punches you. The white ugly thing freezes you!!
* * * LOW HITPOINT WARNING * * *
You sock the white ugly thing!
The white ugly thing is heavily wounded.
You puncture the white ugly thing!
The white ugly thing is severely wounded.
The white ugly thing punches you.
* * * LOW HITPOINT WARNING * * *
The white ugly thing freezes you!!
You die...

#//...?[#
#(.....(#
#$......#
#.......#
#.......#
##.....##
##...##
##u##
##.@.##
##.....##
#...∩...#
#.......#
#.......#
#...∩...#
#.......#
#########


You could see a white ugly thing.

Vanquished Creatures
  A very ugly thing (D:10)
  Erolcha (D:9)
  2 boulder beetles
  6 death yaks
  The ghost of Peloso the Protected, a novice MiFi (D:7)
  The ghost of Sensen the Ducker, a novice DrTm of Okawaru (D:6)
  2 wizards (D:10)
  6 ugly things (D:10)
  6 centaur zombies
  A kobold demonologist (D:8)
  An anaconda simulacrum (IceCv)
  A hornet (D:9)
  2 trolls (D:10)
  Prince Ribbit (D:5)
  Grinder (D:6)
  2 wyverns
  A vampire (D:10)
  4 yaks (D:10)
  Sigmund (D:4)
  6 vampire mosquitoes (D:11)
  A death yak simulacrum (IceCv)
  Edmund (D:5)
  Menkaure (D:5)
  2 acid dragons
  A water moccasin (D:8)
  Duvessa (D:7)
  2 orc warriors
  A sky beast (D:7)
  A black bear (D:6)
  3 centaurs
  3 ogres
  2 phantoms
  7 kobold brigands (D:8)
  4 bullfrogs
  A scorpion (D:7)
  Dowan (D:7)
  An elephant simulacrum (IceCv)
  5 killer bees (D:9)
  22 wights
  2 howler monkeys (D:9)
  3 orc priests
  A gnoll shaman (D:7)
  3 hounds (D:4)
  4 jellies
  Crazy Yiuf (D:7)
  6 iguanas
  4 orc wizards
  A centaur simulacrum (D:7)
  A hound skeleton (D:4)
  3 gnolls (D:7)
  A howler monkey zombie (D:6)
  8 adders
  12 white imps (D:11)
  A howler monkey simulacrum (D:7)
  2 ufetubi
  4 dart slugs
  18 orcs
  7 ball pythons
  2 bats
  4 endoplasms
  7 giant cockroaches
  13 goblins
  5 hobgoblins
  13 kobolds
  2 quokkas
  A frilled lizard (D:1)
  A quokka skeleton (D:4)
  4 rats
241 creatures vanquished.

Vanquished Creatures (collateral kills)
  Pikel (D:5)
1 creature vanquished.

Vanquished Creatures (others)
  A lemure (D:5)
  5 plants (D:5)
6 creatures vanquished.

Grand Total: 248 creatures vanquished

Notes
Turn   | Place    | Note
-------+----------+-------------------------------------------
     0 | D:1      | NoAnimeNoLife the Troll Artificer began the quest for the
                  | Orb.
     0 | D:1      | Reached XP level 1. HP: 18/18 MP: 0/0
    50 | D:1      | Reached skill level 1 in Maces & Flails
   121 | D:1      | Reached XP level 2. HP: 26/26 MP: 1/1
   277 | D:1      | Reached skill level 2 in Maces & Flails
   626 | D:1      | Reached XP level 3. HP: 32/32 MP: 2/2
  1143 | D:2      | Reached skill level 3 in Maces & Flails
  1591 | D:3      | Reached XP level 4. HP: 40/40 MP: 3/3
  1851 | D:4      | Noticed Sigmund
  1861 | D:4      | Killed Sigmund
  1862 | D:4      | Reached skill level 5 in Maces & Flails
  1862 | D:4      | Reached XP level 5. HP: 28/46 MP: 4/4
  1868 | D:4      | Identified the ring of Ascent {rF+ AC+4 Dex+4}
  2001 | D:4      | Reached XP level 6. HP: 53/54 MP: 5/5
  2220 | D:4      | Reached skill level 6 in Maces & Flails
  2448 | D:5      | Entered Level 5 of the Dungeon
  2494 | D:5      | Noticed Pikel
  2514 | D:5      | Killed Pikel
  2515 | D:5      | Reached skill level 8 in Maces & Flails
  2515 | D:5      | Reached XP level 7. HP: 37/61 MP: 6/6
  2574 | D:5      | Noticed Menkaure
  2574 | D:5      | Noticed Prince Ribbit
  2582 | D:5      | Killed Menkaure
  2583 | D:5      | Reached XP level 8. HP: 68/68 MP: 7/7
  2618 | D:5      | Killed Prince Ribbit
  2619 | D:5      | Reached skill level 9 in Maces & Flails
  2684 | D:5      | Noticed Edmund
  2706 | D:5      | Killed Edmund
  3094 | D:5      | Found a runed translucent door.
  3094 | D:5      | Noticed H0rd4k's ghost (amateur HuAr)
  3324 | D:6      | Noticed Sensen's ghost (novice DrTm)
  3327 | D:6      | Found a runed translucent door.
  3336 | D:6      | Found a basalt altar of Yredelemnul.
  3359 | D:6      | Reached skill level 10 in Maces & Flails
  3368 | D:6      | Found a staircase to the Ecumenical Temple.
  3405 | Temple   | Entered the Ecumenical Temple
  3599 | Temple   | Became a worshipper of Warmaster Okawaru
  3647 | D:6      | Noticed Grinder
  3654 | D:6      | Killed Grinder
  3716 | D:6      | Reached XP level 9. HP: 75/75 MP: 8/8
  3923 | D:6      | Killed Sensen's ghost
  3924 | D:6      | Reached skill level 11 in Maces & Flails
  4158 | D:6      | Reached * piety under Okawaru
  4408 | D:7      | Reached skill level 12 in Maces & Flails
  4438 | D:6      | Reached ** piety under Okawaru
  4702 | D:7      | Noticed Duvessa
  4702 | D:7      | Noticed Dowan
  4724 | D:7      | Killed Duvessa
  4725 | D:7      | Killed Dowan
  4732 | D:7      | Reached skill level 13 in Maces & Flails
  4813 | D:7      | Found a runed translucent gate.
  4813 | D:7      | Found a runed translucent gate.
  4813 | D:7      | Found a runed translucent gate.
  4944 | D:7      | Reached XP level 10. HP: 83/83 MP: 9/9
  5433 | D:8      | Noticed a death yak
  5433 | D:8      | Noticed a death yak
  5433 | D:8      | Noticed a death yak
  5434 | D:8      | Noticed a death yak
  5438 | D:8      | Noticed a death yak
  5450 | D:7      | Killed a death yak
  5450 | D:7      | Reached *** piety under Okawaru
  5575 | D:8      | Noticed a death yak
  5593 | D:7      | Killed a death yak
  5672 | D:7      | Found a runed translucent door.
  5673 | D:7      | Noticed Crazy Yiuf
  5737 | D:7      | Noticed Peloso's ghost (novice MiFi)
  5773 | D:7      | Killed Peloso's ghost
  5773 | D:7      | Reached **** piety under Okawaru
  5774 | D:7      | Reached skill level 14 in Maces & Flails
  5865 | D:7      | Killed Crazy Yiuf
  5907 | D:8      | Killed a death yak
  5911 | D:8      | Killed a death yak
  5918 | D:8      | Killed a death yak
  5918 | D:8      | Reached ***** piety under Okawaru
  5919 | D:8      | Reached skill level 15 in Maces & Flails
  5926 | D:8      | Killed a death yak
  5927 | D:8      | Reached XP level 11. HP: 69/89 MP: 10/10
  5975 | D:8      | Found a staircase to the Lair.
  6735 | D:9      | Noticed Erolcha
  6977 | D:9      | Killed Erolcha
  7043 | D:9      | Paralysed by a hornet for 1 turns
  7048 | D:9      | Reached skill level 16 in Maces & Flails
  7340 | D:9      | Noticed a boulder beetle
  7378 | D:9      | Killed a boulder beetle
  7379 | D:9      | Reached skill level 1 in Invocations
  7435 | D:9      | Identified the +1 robe "Goryqeima" {*Slow Regen+ Int+6}
                  | (Okawaru gifted it to you on level 9 of the Dungeon)
  7435 | D:9      | Received a gift from Okawaru
  7537 | D:9      | Found a staircase to the Orcish Mines.
  7853 | D:9      | Identified the amulet "Loewy" {Acrobat Int+7 SInv}
  8010 | D:10     | Entered Level 10 of the Dungeon
  8737 | D:10     | Noticed a red ugly thing
  8739 | D:10     | Noticed a purple ugly thing
  8740 | D:10     | Noticed a brown ugly thing
  8745 | D:10     | Noticed a white ugly thing
  8746 | D:10     | Noticed a red ugly thing
  8750 | D:10     | Killed a red ugly thing
  8760 | D:10     | Killed a purple ugly thing
  8778 | D:10     | Killed a brown ugly thing
  8782 | D:10     | Killed a brown ugly thing
  8792 | D:10     | Killed a brown ugly thing
  8793 | D:10     | Reached skill level 5 in Invocations
  8956 | D:10     | Noticed a purple ugly thing
  8975 | D:10     | Killed a purple ugly thing
  9108 | D:10     | Noticed a wizard
  9119 | D:10     | Killed a wizard
  9120 | D:10     | Reached XP level 12. HP: 97/97 MP: 13/15
  9199 | D:10     | Noticed a white very ugly thing
  9212 | D:10     | Reached ****** piety under Okawaru
  9212 | D:10     | Received a gift from Okawaru
  9490 | D:10     | Killed a white very ugly thing
  9491 | D:10     | Reached skill level 17 in Maces & Flails
  9627 | D:11     | Reached skill level 1 in Fighting
  9636 | D:11     | Noticed a boulder beetle
  9697 | D:11     | Killed a boulder beetle
  9832 | D:11     | Found a frozen archway.
  9886 | IceCv    | Entered an ice cave
  9997 | IceCv    | Mangled by a white ugly thing

Illustrated notes

Levels and vault maps discovered:
D:1:      dpeg_arrival_orchard, layout_basic
D:2:      layout_basic
D:3:      layout_basic, nicolae_figureground_pulse
D:4:      layout_gridville, minmay_joined_circles, uniq_sigmund
D:5:      layout_basic, serial_bayou, serial_bayou_pond_a, serial_bayou_pond_a,
          serial_bayou_lagoon_b, serial_bayou_pond_e, gammafunk_ghost_grave,
          minmay_misc_feat_alley, chequers_mini_garden, uniq_pikel, uniq_edmund,
          uniq_menkaure, uniq_prince_ribbit1
D:6:      layout_cave_pods, mainiacjoe_overflow_tiny_flanked,
          minmay_temple_entry_mini_moons, hellmonk_ghost_happy_afterlife,
          uniq_grinder
D:7:      layout_loops_ring, gammafunk_ghost_necromancy,
          uniq_crazy_yiuf_cottage, uniq_duvessa
D:8:      layout_loops_corners, dpeg_lair_monsters, special_room
          [special_room_kobold], hangedman_decor_lopped
D:9:      layout_stronghold, orc_0_dummy, kennysheep_generic_room_10,
          uniq_erolcha
D:10:     cheibrodos_breeding_chamber, layout_stronghold, serial_glass,
          glass_columns_a, glass_columns_a
D:11:     layout_gridville, portal_ice_cave_entry_imps
Temple:   minmay_crystal_snake_temple
IceCv:    ice_cave_statue_garden_chambered

Skill      XL: |  1  2  3  4  5  6  7  8  9 10 11 12 |
---------------+-------------------------------------+-----
Maces & Flails | 1 2 3 5 8 10 13 15 16 17 | 17.2
Invocations    | 5 6 |  6.5
Fighting       | 2 |  2.4
Dodging        | |  1.9
Stealth        | |  0.3
Evocations     | |  2.1

Action                   |  1- 3 |  4- 6 |  7- 9 | 10-12 || total
-------------------------+-------+-------+-------+-------++-------
Melee: Unarmed           |   122 |   201 |    38 |       ||   361
       Club              |     1 |       |       |       ||     1
       Punch             |     1 |     1 |       |       ||     2
       Dire flail        |       |       |   193 |   562 ||   755
       Giant spiked club |       |       |    14 |       ||    14
Invok: Heroism           |       |       |       |     6 ||     6
       Finesse           |       |       |       |     1 ||     1
Evoke: Wand              |     1 |     4 |       |     8 ||    13
       Piece from Xom's  |       |       |       |     1 ||     1
  Use: Potion            |       |       |     2 |    11 ||    13
       Scroll            |       |       |    13 |    11 ||    24
 Stab: Sleeping          |     2 |       |       |       ||     2
       Invisible         |       |       |       |    13 ||    13
Armor: Robe              |    40 |    86 |   119 |   240 ||   485
       Skin              |       |       |    13 |     3 ||    16
Dodge: Dodged            |    84 |    96 |   133 |   201 ||   514
